 Dungeon Crawl Stone Soup version 0.29.1-15-g9cfb28693d (webtiles) character file.

Game seed: 17660271306681095078

209 Cheops the Slasher (level 5, -2/38 HPs)
             Began as a Demonspawn Gladiator on Apr 4, 2023.
             Slain by Grinder (3 damage)
             ... on level 4 of the Dungeon.
             The game lasted 00:11:45 (4043 turns).

Cheops the Slasher (Demonspawn Gladiator)           Turns: 4043, Time: 00:11:45

Health: -2/38      AC: 13    Str: 17    XL:     5   Next: 55%
Magic:  5/5        EV: 11    Int:  9    God:
Gold:   125        SH:  0    Dex: 14    Spells: 4/4 levels left

rFire   . . .      SeeInvis .   a - +1 long sword (venom)
rCold   . . .      Faith    .   (no shield)
rNeg    . . .      Spirit   .   p - +0 ring mail
rPois   .          Reflect  .   c - +0 helmet
rElec   .          Harm     .   (no cloak)
rCorr   +          Rampage  .   (no gloves)
Will    .....                   (no boots)
Stlth   +.........              (no amulet)
HPRegen 0.12/turn               v - ring of resist corrosion
MPRegen 0.09/turn               (no ring)

@: sanguine armoured
A: demonic guardian 1, powered by pain 1, sanguine armour 1, shaggy fur 1
a: no special abilities


You were on level 4 of the Dungeon.
You visited 1 branch of the dungeon, and saw 4 of its levels.

You collected 125 gold pieces.

Inventory:

Hand Weapons
 a - a +1 long sword of venom (weapon)
Missiles
 d - 3 throwing nets (quivered)
 e - a javelin
Armour
 b - a +1 leather armour
 c - a +0 helmet (worn)
 p - a +0 ring mail (worn)
 r - the +1 ring mail of the Past {rElec Will- Int+5 Dex+3}
   (You took it off a gnoll on level 3 of the Dungeon)

   Int:       It affects your intelligence (+5).
   Dex:       It affects your dexterity (+3).
   rElec:     It insulates you from electricity.
   Will:      It decreases your willpower.
Jewellery
 h - an amulet of faith
 v - a ring of resist corrosion (left hand)
Scrolls
 f - 2 scrolls of poison {unknown}
 i - 2 scrolls of identify {unknown}
 j - a scroll of teleportation
 l - a scroll of acquirement {unknown}
 m - a scroll of vulnerability {unknown}
 n - a scroll of magic mapping {unknown}
 o - a scroll of noise {unknown}
 q - 2 scrolls of enchant armour
 s - a scroll of torment {unknown}
Potions
 t - a potion of brilliance {unknown}
 u - a potion of degeneration {unknown}


   Skills:
 - Level 2.0 Fighting
 + Level 5.8 Long Blades
 - Level 1.7 Throwing
 - Level 2.6 Dodging


You had 4 spell levels left.
You didn't know any spells.
Your spell library contained the following spells:

 Spells                   Type           Power      Damage    Failure   Level
 Sandblast                Erth           0%         2d4       58%         1
 Passwall                 Tmut/Erth      0%         N/A       75%         2
 Stone Arrow              Conj/Erth      0%         3d7       92%         3
 Summon Ice Beast         Ice/Summ       0%         N/A       100%        4
 Summon Mana Viper        Hex/Summ       0%         N/A       100%        5
 Monstrous Menagerie      Summ           0%         N/A       100%        7


Dungeon Overview and Level Annotations

Branches:
Dungeon (4/15)
 Temple: D:4-7

Altars:
Cheibriados
Kikubaaqudgha
Uskayaw

Shops:
D:1 (

Annotations:
D:4 Grinder


Innate Abilities, Weirdness & Mutations

A weak demonic guardian rushes to your aid.
You sometimes gain a little power by taking damage.
When seriously injured, your blood forms armour. (AC +6)
You are covered in fur. (AC +1)


Message History

You slash Grinder!
Grinder is moderately wounded.
Grinder misses you.
You hit Grinder. You punch Grinder.
Grinder is heavily wounded.
Grinder drinks a potion.
Grinder is healed!
Your iron imp hits Grinder but does no damage.
You barely miss Grinder.
Grinder is moderately wounded.
Grinder barely misses you.
Your iron imp misses Grinder.
Grinder hits you but does no damage.
You slash Grinder!
Grinder is heavily wounded.
Your iron imp completely misses Grinder.
Grinder hits you.
* * * LOW HITPOINT WARNING * * *
You writhe in agony.
* * * LOW HITPOINT WARNING * * *
You hit Grinder but do no damage.
Grinder is heavily wounded.
Grinder hits you.
* * * LOW HITPOINT WARNING * * *
You writhe in agony.
* * * LOW HITPOINT WARNING * * *
Your iron imp hits Grinder.
You hit Grinder.
Grinder is severely wounded.
Grinder hits you.
* * * LOW HITPOINT WARNING * * *
You writhe in agony.
* * * LOW HITPOINT WARNING * * *
Your iron imp closely misses Grinder.
It was a potion of magic.
Magic courses through your body. Grinder closely misses you.
It was a potion of mutation.
You feel extremely strange. Fur sprouts all over your body.
Your iron imp hits Grinder.
Grinder hits you.
* * * LOW HITPOINT WARNING * * *
You writhe in agony.
You die...

####### #<..@5#
#####5########
#####.........
#.............
.....#...........
### #.#######.##
........# #
.8.8.8.5#
........#


You could see Grinder (ally target) and a friendly iron imp (summoned).

Vanquished Creatures
  An orc priest (D:2)
  7 gnolls
  An adder (D:2)
  2 worms (D:3)
  6 orcs
  3 bat zombies (D:3)
  10 endoplasms
  3 goblins
  5 hobgoblins
  6 jackals
  3 quokkas
  2 ball pythons (D:1)
  5 bats
  5 frilled lizards
  4 kobolds
  4 rats
  3 rat zombies (D:3)
70 creatures vanquished.

Vanquished Creatures (collateral kills)
  A gnoll (D:3)
  An adder (D:2)
  A jackal (D:3)
  A rat zombie (D:3)
4 creatures vanquished.

Vanquished Creatures (others)
  11 plants
11 creatures vanquished.

Grand Total: 85 creatures vanquished

Notes
Turn   | Place    | Note
-------+----------+-------------------------------------------
     0 | D:1      | Cheops the Demonspawn Gladiator began the quest for the
                  | Orb.
     0 | D:1      | Reached XP level 1. HP: 16/16 MP: 1/1
   211 | D:1      | Reached skill level 3 in Long Blades
   231 | D:1      | Gained mutation: A weak demonic guardian rushes to your
                  | aid. [demonic ancestry]
   231 | D:1      | Reached XP level 2. HP: 16/22 MP: 2/2
   734 | D:1      | Found Xeojog's Antique Weapon Boutique.
  1088 | D:2      | Reached skill level 4 in Long Blades
  1088 | D:2      | Gained mutation: When seriously injured, your blood forms
                  | armour. (AC +6) [demonic ancestry]
  1088 | D:2      | Reached XP level 3. HP: 15/27 MP: 3/3
  1871 | D:2      | Gained mutation: You sometimes gain a little power by
                  | taking damage. [demonic ancestry]
  1871 | D:2      | Reached XP level 4. HP: 24/33 MP: 4/4
  2432 | D:2      | Reached skill level 5 in Long Blades
  2663 | D:3      | Found a faded altar of an unknown god.
  3101 | D:3      | Identified the +1 ring mail of the Past {rElec Will- Int+5
                  | Dex+3}
  3118 | D:3      | Reached XP level 5. HP: 31/38 MP: 5/5
  3436 | D:3      | Found a snail-covered altar of Cheibriados.
  3887 | D:3      | Found an ancient bone altar of Kikubaaqudgha.
  4017 | D:4      | Noticed Grinder
  4018 | D:4      | Found a hide-covered altar of Uskayaw.
  4043 | D:4      | Gained mutation: You are covered in fur. (AC +1) [potion of
                  | mutation]
  4043 | D:4      | HP: 1/38 [Grinder (3)]
  4043 | D:4      | Slain by Grinder

Illustrated notes

Levels and vault maps discovered:
D:1:      wander_arrival_fairy_ring, layout_basic, serial_shops, shop
D:2:      layout_rooms, basic_altar, minmay_hexomino_p4
D:3:      layout_rooms, lemuel_zombie_altar_kikubaaqudgha, slow_altar_2,
          ebering_ecumenical_altar_rust, nicolae_grassy_gnolls
D:4:      layout_basic, eat_drink_and_be_merry_uskayaw,
          nicolae_qazlal_style_of_elements,
          nicolae_hepliaklqana_ecumenical_no_more, serial_shops,
          nicolae_shop_bloodbath_and_beyond, serial_park_tiny_1, uniq_grinder

Skill      XL: |  1  2  3  4 |
---------------+-------------+-----
Long Blades    | 3 4 5 |  5.8
Fighting       | |  2.0
Throwing       | |  1.7
Dodging        | |  2.6

Action                   |  1- 3 |  4- 6 || total
-------------------------+-------+-------++-------
Melee: Long sword        |   119 |    98 ||   217
       Punch             |       |     1 ||     1
  Use: Scroll            |     4 |     2 ||     6
       Potion            |       |     4 ||     4
Armor: Leather armour    |    43 |     3 ||    46
       Ring mail         |       |    42 ||    42
       Skin              |       |     3 ||     3
Dodge: Dodged            |    85 |    69 ||   154
